 Dungeon Crawl Stone Soup version 0.31-a0-627-gd65175cf8b (webtiles) character file.

Game seed: 1661741577111431944

63 BritishOli the Trooper (level 3, -2/29 HPs)
             Began as a Demonspawn Fighter on Aug 25, 2023.
             Slain by a gnoll
             ... wielding a +0 spear
              (4 damage)
             ... on level 2 of the Dungeon.
             The game lasted 00:01:08 (1226 turns).

BritishOli the Trooper (Demonspawn Fighter)         Turns: 1226, Time: 00:01:09

Health: -2/29      AC:  6    Str: 18    XL:     3   Next: 89%
Magic:  3/3        EV:  9    Int:  9    God:
Gold:   61         SH:  4    Dex: 12    Spells: 2/2 levels left

rFire   + . .        a - +0 war axe
rCold   . . .        c - +0 buckler
rNeg    . . .        b - +0 scale mail
rPois   .            (no helmet)
rElec   .            (no cloak)
rCorr   .            (no gloves)
SInv    .            (no boots)
Will    .....        (no amulet) Stlth
                     f - ring of protection from fire
HPRegen 0.24/turn    (no ring)
MPRegen 0.08/turn

%: no passive effects
@: no status effects
A: demonic touch 1
a: no special abilities


You were on level 2 of the Dungeon.
You visited 1 branch of the dungeon, and saw 2 of its levels.

You collected 61 gold pieces.

Inventory:

Hand Weapons
 a - a +0 war axe (weapon)
Armour
 b - a +0 scale mail (worn)
 c - a +0 buckler (worn)
Jewellery
 f - a ring of protection from fire (left hand)
Scrolls
 e - 3 scrolls of immolation {unknown}
 i - a scroll of fog {unknown}
 j - a scroll of torment {unknown}
Potions
 d - 2 potions of might
 g - a potion of resistance {unknown}
 h - a potion of brilliance {unknown}


   Skills:
 + Level 3.5 Fighting
 + Level 2.4 Axes
 + Level 3.2 Armour
 + Level 3.1 Shields


You had 2 spell levels left.
You didn't know any spells.
Your spell library was empty.

Dungeon Overview and Level Annotations

Branches:
Dungeon (2/15)

Altars:

Shops:
D:1 =


Innate Abilities, Weirdness & Mutations

Your touch may inflict minor irresistible damage on your foes.


Message History

You slash the gnoll!
You kill the gnoll!
No target in view!
No target in view!
No target in view!
You start resting.
HP restored.
You climb downwards.
The jackal bites you but does no damage.
The jackal completely misses you.
The jackal bites you but does no damage.
The jackal barely misses you. You block the gnoll's attack.
There is a stone staircase leading up here.
You slash the jackal!
You kill the jackal!
You closely miss the jackal. You block the jackal's attack.
The jackal bites you.
You slash the jackal!
You kill the jackal!
The gnoll hits you from afar with a +0 spear.
The gnoll hits you from afar with a +0 spear.
The gnoll hits you but does no damage.
You slash the gnoll!
The gnoll is heavily wounded.
The gnoll closely misses you. You block the gnoll's attack. x2
You hit the gnoll.
The gnoll is almost dead.
The gnoll misses you.
The gnoll hits you from afar with a +0 spear.
The gnoll hits you with a +0 spear.
You hit the gnoll.
The gnoll is almost dead.
You hit the jackal. The jackal barely misses you.
The gnoll hits you from afar with a +0 spear. x2
* * * LOW HITPOINT WARNING * * *
You block the jackal's attack. You block the gnoll's attack.
The gnoll hits you from afar with a +0 spear.
* * * LOW HITPOINT WARNING * * *
The gnoll hits you from afar with a +0 spear.
You die...

..#.....# #
#.#.###.######## #
#.#.# #.)....... #
#...###.######## #
##..[...# #
#..#.### #..#.#
######.<#.#
......g@#.#
#######h#.#
......gg..######
............g.h###
#####........g...#
#.##.#####.#.# ...
#.# #.#.# #### #.#
#.#.# ##.## #gg.#


You could see 3 gnolls and a jackal.

Vanquished Creatures
  Jessica (D:2)
  A gnoll (D:1)
  2 giant cockroaches
  3 goblins
  4 hobgoblins (D:1)
  6 jackals
  2 kobolds (D:1)
  A quokka (D:1)
  5 rats (D:1)
25 creatures vanquished.

Notes
Turn   | Place    | Note
-------+----------+-------------------------------------------
     0 | D:1      | BritishOli the Demonspawn Fighter began the quest for the
                  | Orb.
     0 | D:1      | Reached XP level 1. HP: 18/18 MP: 1/1
   133 | D:1      | Gained mutation: Your touch may inflict minor irresistible
                  | damage on your foes. [demonic ancestry]
   133 | D:1      | Reached XP level 2. HP: 2/24 MP: 2/2
   343 | D:1      | Found Rirchecso's Jewellery Shop.
   898 | D:2      | Noticed Jessica
   906 | D:2      | Killed Jessica
   907 | D:2      | Reached XP level 3. HP: 6/29 MP: 3/3
  1226 | D:2      | Slain by a gnoll

Illustrated notes

Levels and vault maps discovered:
D:1:      matt_arrival_grand_opening, layout_basic, serial_shops, shop,
          minmay_crystal_room, chequers_mini_garden
D:2:      layout_loops_ring, uniq_jessica

Skill      XL: |  1  2 |
---------------+-------+-----
Axes           | 2 |  2.4
Armour         | 3 |  3.2
Shields        | 3 |  3.1
Fighting       | |  3.5

Action                     || total
---------------------------++-------
  Melee: War axe           ||    83
 Armour: Scale mail        ||    49
  Dodge: Dodged            ||    42
  Block: Buckler           ||    26

Table legend: (Time is in decaauts)
 A = Elapsed time spent in this place.
 B = Non-inter-level travel time spent in this place.
 C = Inter-level travel time spent in this place.
 D = Time resting spent in this place.
 E = Time spent auto-exploring this place.
 F = Levels seen in this place.
 G = Mean time per level.
                   A        B        C        D        E       F      G
               +--------+--------+--------+--------+--------+-----+--------+
         Total |   1262 |   1234 |     28 |    329 |    695 |   2 |  631.0 |
       Dungeon |   1262 |   1234 |     28 |    329 |    695 |   2 |  631.0 |
               +--------+--------+--------+--------+--------+-----+--------+

Top non-repeatable levels by time:
     D:1: 991 daAuts
     D:2: 271 daAuts
